cohdb
Replays
Latest Replays
All Replays
Popular Replays
Top Player Replays
Match Explorer
How It Works
Community
CoH3 Stats
Reddit
Sign in to upload your games and track your stats! →
Sign in with Steam
Match 45656715
Unlisted
Match 45656715
Overview
Messages
Build Orders
End
Pioneer Squad
Construct Infanterie Kompanie
Grenadier Squad
Grenadier Squad
Grenadier Squad
Infanterie Officer Quarters
Construct Panzergrenadier Kompanie
251 Medium Carrier
Panzergrenadier Officer Quarters
Pak 40 Anti-tank Gun Team
Panzergrenadier Squad
Selects Mechanized Battlegroup
Selects Spotting Scopes
Selects Wespe Self-propelled Artillery
Wespe Self-propelled Artillery
Support Elements
Medical Bunker
StuG III G Assault Gun
Wespe Self-propelled Artillery
StuG III G Assault Gun
Panzergrenadier Squad
Selects Raid Package
Selects StuG Assault Group
Selects Panther Heavy Tank
Panther Heavy Tank
AI Takeover
乱杀大王
Mistmoon
Esxile
Bego
0
0
Comments
sign in to comment!
No comments posted yet!